 Dungeon Crawl Stone Soup version 0.20-a0-893-g832831a (webtiles) character file.

444 Rrauwl the Chopper (level 6, -8/57 HPs)
             Began as a Deep Dwarf Earth Elementalist on Mar 18, 2017.
             Killed by divine providence
             ... invoked by an orc priest
              (10 damage)
             ... on level 4 of the Dungeon.
             The game lasted 00:20:23 (2841 turns).

Rrauwl the Chopper (Deep Dwarf Earth Elementalist)  Turns: 2841, Time: 00:20:24

Health: -8/57      AC:  3    Str: 14    XL:     6   Next: 72%
Magic:  8/8        EV:  6    Int: 15    God:
Gold:   170        SH:  0    Dex: 13    Spells: 4/8 levels left

rFire    . . .     SeeInvis .   u - +1 war axe
rCold    . . .     Gourm    .   c - +0 robe
rNeg     . . .     Faith    .   (no shield)
rPois    .         Spirit   .   (no helmet)
rElec    .         Reflect  .   (no cloak)
rCorr    +         Harm     .   (no gloves)
MR       .....                  l - +0 pair of boots
Stlth    ++........             (no amulet)
Regen    0.0/turn               t - -6 ring of evasion (curse)
MPRegen  0.2/turn               j - ring of resist corrosion

@: non-regenerating
A: damage resistance, heal wounds, sense surroundings 1, no regeneration
a: Heal Wounds


You were on level 4 of the Dungeon.
You were not hungry.

You visited 1 branch of the dungeon, and saw 4 of its levels.
You also visited: Sewer.

You collected 170 gold pieces.

Inventory:

Hand Weapons
 u - a +1 war axe (weapon)
Missiles
 b - 32 stones
 i - 5 javelins of returning (quivered)
Armour
 c - a +0 robe (worn)
 l - a +0 pair of boots (worn)
Jewellery
 j - a ring of resist corrosion (left hand)
 k - an uncursed ring of resist corrosion
 t - a cursed -6 ring of evasion (right hand)
Scrolls
 a - 4 scrolls of fear
 f - 2 scrolls of identify
 r - 2 scrolls of blinking
Potions
 g - 2 potions of haste
 o - a potion of brilliance
 p - a potion of magic
Books
 e - a book of Geomancy

   Spells                             Type                      Level
   a - Sandblast                      Earth                        1
   b - Passwall                       Transmutation/Earth          2
   c - Stone Arrow                    Conjuration/Earth            3
   d - Petrify                        Transmutation/Earth          4
   e - Lee's Rapid Deconstruction     Earth                        5
Comestibles
 d - 5 bread rations
 h - a meat ration
 m - 7 chunks of flesh
 n - 2 royal jellies


   Skills:
 - Level 4.1 Fighting
 + Level 5.4 Axes
 - Level 2.1 Dodging
 - Level 2.4 Stealth
 - Level 1.7 Spellcasting
   Level 0.8 Transmutations
 - Level 4.0 Earth Magic


You had 4 spell levels left.
You knew the following spells:

 Your Spells              Type           Power        Failure   Level  Hunger
a - Sandblast             Erth           ##....       6%          1    ##.....
b - Stone Arrow           Conj/Erth      #.....       34%         3    ####...


Dungeon Overview and Level Annotations

Branches:
Dungeon (4/15)
 Temple: D:4-7

Altars:
Cheibriados
Nemelex Xobeh
Beogh

Annotations:
D:4 Robin; Rrauwl's ghost, amateur DDEE


Innate Abilities, Weirdness & Mutations

You are resistant to damage.
You can heal yourself by infusing magical energy.
You passively map a small area around you.
You do not regenerate.


Message History

There is an open door here.
Found 12 gold pieces.
n - 2 royal jellies (gained 1)
Found 24 arrows.
You now have 170 gold pieces (gained 12).
You open the door.
A scorpion comes into view.
You close the door.
You open the door.
There is an open door here.
You open the door. 3 orcs and 2 orc priests come into view.
The orc shouts!
The orc picks up some gold.
The orc priest picks up some gold. x2
Found a dark potion and 38 gold pieces.
Found a roughly hewn altar of Beogh.
You close the door.
An orc opens the door.
The orc priest shouts!
The orc shouts!
The orc priest mumbles some strange prayers to Beogh against you.
Beogh smites you!
You die...

#.....##..........#, ,..
#.................######.
##'#'###.##....÷..#......
#........#<.......#......
#.................#......
#.................#......
#.........#######>.÷.....
##'#.....##.$.###....####
#.......@#.8.8$##....#
#........'oooo_##....# ##
#........#.8o8.##....#, .
#...)...###...######## #
#.......# *#### , , ,*#
#.......# ** # #.......#
, , + ######### , #.### *
* #...<


You could see 2 orc priests and 3 orcs.

Vanquished Creatures
  2 bullfrogs (Sewer)
  An orc wizard (D:3)
  Natasha (thrice) (D:2)
  A worker ant (D:4)
  11 adders
  An ooze (D:3)
  A worm (D:2)
  A dart slug (D:2)
  A leopard gecko (Sewer)
  5 orcs
  9 giant cockroaches
  10 goblins
  5 hobgoblins
  8 jackals (D:4)
  3 kobolds
  7 ball pythons
  5 bats
  6 frilled lizards
  5 rats
85 creatures vanquished.

Notes
Turn   | Place    | Note
-------+----------+-------------------------------------------
     0 | D:1      | Rrauwl the Deep Dwarf Earth Elementalist began the quest for the Orb.
     0 | D:1      | Reached XP level 1. HP: 15/15 MP: 3/3
   260 | D:1      | Reached skill level 1 in Fighting
   429 | D:1      | Reached XP level 2. HP: 18/25 MP: 1/4
   879 | D:2      | Found a snail-covered altar of Cheibriados.
   879 | D:2      | Noticed Natasha
   884 | D:2      | Killed Natasha
   884 | D:2      | Reached XP level 3. HP: 23/33 MP: 2/5
   887 | D:2      | Found a sparkling altar of Nemelex Xobeh.
  1066 | D:2      | Noticed Natasha
  1072 | D:2      | Killed Natasha
  1072 | D:2      | Reached XP level 4. HP: 32/42 MP: 1/6
  1366 | D:2      | Noticed Natasha
  1370 | D:2      | Killed Natasha
  1661 | D:3      | Reached XP level 5. HP: 30/50 MP: 5/7
  1695 | D:3      | Reached skill level 1 in Axes
  1707 | D:3      | Reached skill level 2 in Axes
  1831 | D:3      | Found a glowing drain.
  1854 | Sewer    | Entered a sewer
  1996 | Sewer    | Reached skill level 3 in Axes
  2142 | Sewer    | Reached skill level 4 in Axes
  2142 | Sewer    | Reached XP level 6. HP: 18/57 MP: 3/8
  2279 | D:3      | Learned a level 3 spell: Stone Arrow
  2486 | D:4      | Reached skill level 5 in Axes
  2553 | D:4      | Noticed Robin
  2618 | D:4      | Noticed Rrauwl's ghost (amateur DDEE)
  2695 | D:4      | HP: 2/57 [jackal (1)]
  2839 | D:4      | Found a roughly hewn altar of Beogh.
  2841 | D:4      | Killed from afar by an orc priest

Vault maps used:
D:1:      tarquinn_simple_flora_water_b
D:2:      cheibriados_altar_1, overflow_temple_1_default, uniq_natasha
D:3:      first_bread, portal_sewer_entry_d
D:4:      kennysheep_goblin_castle, serial_shops, kennysheep_mini,
          grunt_decor_fettered, kennysheep_orc_chapel
Sewer:    sewer_frog_island_01

Skill      XL: |  1  2  3  4  5  6 |
---------------+-------------------+-----
Fighting       | 1 2 3 4 |  4.1
Axes           | 4 5 |  5.4
Dodging        | |  2.1
Stealth        | |  2.4
Spellcasting   | |  1.7
Transmutations | |  0.8
Earth Magic    | |  4.0

Action                   |  1- 3 |  4- 6 || total
-------------------------+-------+-------++-------
Melee: Unarmed           |     6 |       ||     6
       Whip              |    14 |    10 ||    24
       Hand axe          |       |    79 ||    79
       War axe           |       |    31 ||    31
Throw: Javelin           |       |     3 ||     3
 Cast: Sandblast         |    23 |    54 ||    77
       Stone Arrow       |       |     3 ||     3
  Use: Scroll            |     5 |     2 ||     7
       Potion            |     1 |     5 ||     6
 Stab: Sleeping          |     3 |     4 ||     7
  Eat: Chunk             |     1 |     8 ||     9
Armor: Robe              |     8 |    39 ||    47
Dodge: Dodged            |    16 |    73 ||    89
